cohdb
Replays
Latest Replays
All Replays
Popular Replays
Top Player Replays
Match Explorer
How It Works
Community
CoH3 Stats
Reddit
Sign in to upload your games and track your stats! →
Sign in with Steam
Match 28233343
Unlisted
Match 28233343
Overview
Messages
Build Orders
End
Construct Infanterie Kompanie
Grenadier Squad
MG 42 Machine Gun Team
Selects Breakthrough Battlegroup
Selects Assault Grenadiers
Grenadier Squad
MG 42 Machine Gun Team
GrW 34 Mortar Team
Pioneer Squad
Construct Panzergrenadier Kompanie
Medical Bunker
Pak 40 Anti-tank Gun Team
Panzergrenadier Squad
Sniper
Construct Panzer Kompanie
Panzer IV Medium Tank
Selects Rapid Production
Selects Blitzkrieg
Panzer IV Medium Tank
Wrathment
Billy Crystal
0
0
Comments
sign in to comment!
No comments posted yet!